 Dungeon Crawl Stone Soup version 0.27.1-34-g3ba077fa99 (webtiles) character file.

Game seed: 1557526265392093989

125 pkoi the Ruffian (level 4, -4/38 HPs)
             Began as a Draconian Monk on Jan 6, 2022.
             Slain by a gnoll (5 damage)
             ... on level 3 of the Dungeon.
             The game lasted 00:04:39 (2446 turns).

pkoi the Ruffian (Draconian Monk)                   Turns: 2446, Time: 00:04:39

Health: -4/38      AC:  5    Str: 14    XL:     4   Next: 82%
Magic:  4/4        EV: 12    Int: 11    God:
Gold:   68         SH:  0    Dex: 13    Spells: 3/3 levels left

rFire    . . .     SeeInvis .     - Unarmed
rCold    + . .     Faith    .   (no shield)
rNeg     . . .     Spirit   .   (armour unavailable)
rPois    .         Reflect  .   (helmet restricted)
rElec    .         Harm     .   (no cloak)
rCorr    .         Rampage  .   (no gloves)
Will     .....                  (no boots)
Stlth    ++........             (no amulet)
HPRegen  0.12/turn              a - ring of protection from cold
MPRegen  0.09/turn              (no ring)

@: no status effects
A: AC +5, unfitting armour, cold-blooded
a: no special abilities


You were on level 3 of the Dungeon.
You visited 1 branch of the dungeon, and saw 3 of its levels.

You collected 68 gold pieces.

Inventory:

Jewellery
 a - a ring of protection from cold (left hand)
Wands
 i - a wand of flame (10)
Scrolls
 b - a scroll of noise {unknown}
 c - a scroll of vulnerability {unknown}
 d - a scroll of identify {unknown}
 g - a scroll of amnesia {unknown}
 h - 2 scrolls of teleportation {unknown}
 l - a scroll of enchant armour {unknown}
 m - a scroll of immolation {unknown}
Potions
 e - a potion of lignification {unknown}
 f - 2 potions of curing {unknown}
 j - a potion of attraction {unknown}
 k - a potion of mutation {unknown}


   Skills:
 - Level 3.2 Fighting
 - Level 2.6 Dodging
 - Level 1.7 Stealth
 + Level 5.6 Unarmed Combat


You had 3 spell levels left.
You didn't know any spells.
Your spell library contained the following spells:

 Spells                   Type           Power      Damage    Failure   Level
 Summon Small Mammal      Summ           0%         N/A       34%         1
 Call Canine Familiar     Summ           0%         N/A       71%         3
 Summon Guardian Golem    Hex/Summ       0%         N/A       71%         3


Dungeon Overview and Level Annotations

Branches:
Dungeon (3/15)

Altars:

Shops:
D:2 *[[(=


Innate Abilities, Weirdness & Mutations

Your plain brown scales are hard. (AC +5)
You cannot fit into any form of body armour.
You are cold-blooded and may be slowed by cold attacks.


Message History

You hit the gnoll.
The gnoll is moderately wounded.
The gnoll closely misses you.
You hit the gnoll but do no damage.
The gnoll is moderately wounded.
The gnoll closely misses you.
You hit the gnoll.
Your tail-slap misses the gnoll.
The gnoll is heavily wounded.
You barely miss the gnoll.
The gnoll is heavily wounded.
The gnoll barely misses you.
You barely miss the gnoll.
The gnoll is heavily wounded.
The gnoll hits you with a +0 spear.
You hit the gnoll but do no damage.
The gnoll is heavily wounded.
The gnoll closely misses you.
You closely miss the gnoll.
The gnoll is heavily wounded.
The gnoll hits you with a +0 spear!
* * * LOW HITPOINT WARNING * * *
You hit the gnoll.
The gnoll is severely wounded.
The gnoll hits you but does no damage.
You closely miss the gnoll.
The gnoll is severely wounded.
The gnoll hits you with a +0 spear.
* * * LOW HITPOINT WARNING * * *
You barely miss the gnoll.
The gnoll is severely wounded.
The gnoll hits you with a +0 spear.
* * * LOW HITPOINT WARNING * * *
You hit the gnoll.
The gnoll is severely wounded.
The gnoll hits you with a +0 spear!
* * * LOW HITPOINT WARNING * * *
You hit the gnoll but do no damage.
The gnoll is severely wounded.
The gnoll hits you with a +0 spear.
You die...

## #.#.# # #. ..#.#
####.#. ..#.#
.......###..#.####
####.##)..#.......
#..........##.#
#...........#.####..#
#...........g...[...#
#...........#@####.#
#..........##<#
#.<..^....###)####.#
..#####...###......#
#. #...##.##.######
#...##.##.#
#...##.##.#
##...gg...#
#.#.#g###....>.


You could see a gnoll.

Vanquished Creatures
  A gnoll shaman (D:2)
  5 gnolls
  An adder (D:2)
  A dart slug (D:2)
  6 bats
  6 endoplasms
  7 goblins
  A hobgoblin (D:1)
  3 kobolds (D:1)
  5 ball pythons
  A frilled lizard (D:1)
  5 rats
42 creatures vanquished.

Notes
Turn   | Place    | Note
-------+----------+-------------------------------------------
     0 | D:1      | pkoi the Draconian Monk began the quest for the Orb.
     0 | D:1      | Reached XP level 1. HP: 19/19 MP: 1/1
   305 | D:1      | Reached XP level 2. HP: 1/26 MP: 2/2
   633 | D:1      | Reached skill level 4 in Unarmed Combat
   708 | D:1      | Found a faded altar of an unknown god.
   875 | D:1      | Reached XP level 3. HP: 31/31 MP: 3/3
  1230 | D:2      | Found Dejicofa's Armour Shoppe.
  1342 | D:2      | Found Bycoteat's Assorted Antiques.
  1450 | D:2      | Found Daosuatt's Armour Shop.
  1507 | D:2      | Found Somug's Weapon Shoppe.
  1625 | D:2      | Found Cethrok's Jewellery Shoppe.
  1987 | D:3      | Reached XP level 4. HP: 29/38 MP: 4/4
  2006 | D:2      | Reached skill level 5 in Unarmed Combat
  2445 | D:3      | HP: 1/38 [gnoll (8)]
  2446 | D:3      | Slain by a gnoll

Illustrated notes

Levels and vault maps discovered:
D:1:      scummos_arrival_simple_crosswalls, layout_basic,
          basic_ecumenical_altar, minmay_statues_item
D:2:      layout_basic, serial_shops, nicolae_shop_overgrown_old_shop,
          nicolae_shop_competitors_out_of_business, shop, shop, shop,
          roderic_lattice_a, minmay_misc_feat_plants
D:3:      layout_loops_ring, minmay_between

Skill      XL: |  1  2  3  4 |
---------------+-------------+-----
Unarmed Combat | 4 5 |  5.6
Fighting       | |  3.2
Dodging        | |  2.6
Stealth        | |  1.7

Action                   |  1- 3 |  4- 6 || total
-------------------------+-------+-------++-------
Melee: Unarmed           |   113 |    38 ||   151
       Tailslap          |     9 |     6 ||    15
       Punch             |     1 |     1 ||     2
 Stab: Sleeping          |     4 |       ||     4
Armor: Skin              |    35 |     5 ||    40
Dodge: Dodged            |    64 |    18 ||    82
